 Dungeon Crawl Stone Soup version 0.31-a0-971-g75a2e9a4b4 (webtiles) character file.

Game seed: 13765437024747650869

5947 BinkBink the Grappler (level 10, -2/71 HPs)
             Began as an Octopode Shapeshifter on Oct 28, 2023.
             Was a Believer of Qazlal.
             Slain by a yak (12 damage)
             ... on level 9 of the Dungeon.
             The game lasted 00:12:20 (9319 turns).

BinkBink the Grappler (Octopode Shapeshifter)       Turns: 9319, Time: 00:12:20

Health: -2/71      AC:  1    Str: 17    XL:     10   Next: 84%
Magic:  10/10      EV: 12    Int: 12    God:    Qazlal [**....]
Gold:   483        SH: 14    Dex: 13    Spells: 9/9 levels left

rFire   . .          .
                       - Unarmed
rCold   . . .        w - +0 tower shield
rNeg    . . .        (helmet currently unavailable)
rPois   .            (no amulet)
rElec   .            (no ring)
rCorr   .            (no ring)
SInv    .            (no ring)
Will    .....        (no ring)
Stlth   ++           (no ring)
HPRegen 0.31/turn    (no ring)
MPRegen 0.12/turn    (no ring)
                     (no ring)

%: no passive effects
@: beast-form
A: beast (slay +4), almost no armour, amphibious, 8 rings, camouflage 1,
gelatinous body 1, (nimble swimmer 1), tentacles
a: Begin Untransformation, Renounce Religion, Upheaval


You were on level 9 of the Dungeon.
You worshipped Qazlal.
Qazlal was pleased with you.
You were a hulking beast.
You visited 2 branches of the dungeon, and saw 10 of its levels.

You collected 532 gold pieces.
You spent 49 gold pieces at shops.

Inventory:

Hand Weapons
 g - a +2 arbalest of draining
Armour
 w - a +0 tower shield (worn)
Jewellery
 s - a ring of fire
Talismans
 b - a beast talisman (active)
 c - a flux talisman
 v - a blade talisman
Wands
 d - a wand of flame (3)
 o - a wand of digging (4)
 q - a wand of acid (6)
 u - a wand of iceblast (11)
Scrolls
 e - 2 scrolls of vulnerability
 k - a scroll of enchant armour
 l - 3 scrolls of teleportation
 n - 2 scrolls of identify
 t - 2 scrolls of fog
Potions
 a - 3 potions of lignification
 f - 2 potions of resistance
 h - 4 potions of enlightenment {unknown}
 i - a potion of ambrosia {unknown}
 j - a potion of berserk rage {unknown}
 m - a potion of degeneration {unknown}
 p - a potion of haste {unknown}
 r - 3 potions of curing
 x - a potion of attraction {unknown}


   Skills:
 + Level 7.0 Fighting
 + Level 7.3 Dodging
 + Level 2.4 Shields
 * Level 10.4 Unarmed Combat
 + Level 7.1 Shapeshifting


You had 9 spell levels left.
You didn't know any spells.
Your spell library contained the following spells:

 Spells                   Type           Power      Damage    Failure   Level
 Apportation              Tloc           0%         N/A       98%         1
 Sandblast                Erth           0%         2d4       98%         1
 Shock                    Conj/Air       0%         1d3       98%         1
 Jinxbite                 Hex            0%         N/A       99%         2
 Passwall                 Tmut/Erth      0%         N/A       99%         2
 Stone Arrow              Conj/Erth      0%         3d7       100%        3
 Swiftness                Air            0%         N/A       100%        3
 Airstrike                Air            0%         2d(0-16)  100%        4
 Brom's Barrelling Bould  Conj/Erth      0%         2d3       100%        4
 Alistair's Intoxication  Tmut/Pois      0%         N/A       100%        5


Dungeon Overview and Level Annotations

Branches:
Dungeon (9/15)             Temple (1/1) D:5
   Lair: D:8-11         Orc: D:9-12

Altars:
Ashenzari
Cheibriados
Elyvilon
Fedhas
Gozag
Hepliaklqana
Kikubaaqudgha
Makhleb
Nemelex Xobeh
Okawaru
Qazlal
Ru
Sif Muna
Trog
Uskayaw
Vehumet
Wu Jian
Xom
Yredelemnul
Zin
The Shining One

Shops:
D:3 [   D:8 [   D:9 *

Annotations:
D:4 3 runed translucent doors, Heedrag's ghost, amateur GrEE; Opifex's ghost, amateur GrMo; haldagan's ghost, novice AtWr; ongoing's ghost, amateur SpSh; temujin's ghost, amateur DECj
D:5 1 runed translucent door, Crazy Yiuf


Innate Abilities, Weirdness & Mutations

You are a hulking beast.
Your limbs bulge with bestial killing power. (Slay +4)
You cannot wear most types of armour.
You are amphibious.
You can wear up to eight rings at the same time.
Your skin changes colour to match your surroundings (Stealth+).
Your rubbery body absorbs attacks. (AC +1, EV +1)
((You are camouflaged when in or above water. (Stealth+)))
You have tentacles for arms and can constrict up to eight enemies at once.


Message History

You bludgeon the yak!
The yak is severely wounded.
The yak gores you! You block the yak's attack.
You tentacle-slap the yak.
The yak is almost dead.
You bludgeon the yak!
You kill the yak!
Qazlal accepts your kill. You block the yak's attack.
You tentacle-slap the yak.
Your tentacle-slap misses the yak.
You squeeze the yak.
The yak is lightly wounded.
You block the yak's attack.
You tentacle-slap the yak. You squeeze the yak.
The yak is moderately wounded.
The yak gores you!!
You batter the yak!! You tentacle-slap the yak.
The yak is almost dead.
The yak gores you.
You bludgeon the yak!
You kill the yak!
Qazlal accepts your kill. You block the yak's attack.
The yak is engulfed in blazing flames.
You block the yak's attack. The yak gores you!
The yak is engulfed in blazing flames.
You block the yak's attack.
Your Fighting skill increases to level 7!
You bludgeon the yak!
You kill the yak!
Qazlal accepts your kill. The yak gores you!
* * * LOW HITPOINT WARNING * * *
Unknown command.
You bludgeon the yak!
The yak is moderately wounded.
The yak is engulfed in blazing flames.
The yak gores you!
* * * LOW HITPOINT WARNING * * *
You closely miss the yak.
The yak is severely wounded.
The yak is engulfed in blazing flames.
The yak gores you!
You die...

#.............>.....'....
#...................#....
#############...#########
#...............# .
#...............# .
#...............# .
#...............# .
#.......°Y......# .
#.......h†......# .
#....########...#########
#....# #...#........
#....# #...#........
#....# #...#........
#....#####+##############
#....#...#...#...........
#....#...#...#...........
#....#...#...#...........


You could see a yak.

Vanquished Creatures
  A two-headed ogre (D:9)
  Maggie (D:8)
  Psyche (D:8)
  A troll (D:9)
  14 yaks
  2 steam dragons (D:8)
  2 water moccasins
  An ice beast (D:6)
  3 ogres
  A centaur (D:7)
  3 kobold brigands
  2 phantoms
  3 bullfrogs
  A gnoll sergeant (D:9)
  2 scorpions
  4 howler monkeys (D:8)
  4 orc priests
  A hound (D:5)
  3 jellies
  A gnoll bouda (D:8)
  2 sleepcaps
  2 iguanas
  6 orc wizards
  13 gnolls
  3 adders
  2 shadow imps
  A white imp (D:6)
  2 ufetubi (D:5)
  2 worms
  2 dart slugs
  19 orcs
  6 ball pythons
  5 endoplasms
  3 giant cockroaches
  27 goblins
  26 hobgoblins
  3 jackals (D:3)
  21 kobolds
  2 quokkas
  A bat (D:2)
  5 frilled lizards
  A rat (D:3)
205 creatures vanquished.

Notes
Turn   | Place    | Note
-------+----------+-------------------------------------------
     0 | D:1      | BinkBink the Octopode Shapeshifter began the quest for the
                  | Orb.
     0 | D:1      | Reached XP level 1. HP: 13/13 MP: 1/1
    92 | D:1      | Reached XP level 2. HP: 12/18 MP: 2/2
   232 | D:1      | You fall into a shaft and drop 1 floor!
   422 | D:2      | Found a faded altar of an unknown god.
   558 | D:2      | Reached XP level 3. HP: 23/23 MP: 3/3
   968 | D:3      | Found Wonwyisa's Antique Armour Boutique.
  1067 | D:3      | Found a faded altar of an unknown god.
  1067 | D:3      | Found a hazy altar of Hepliaklqana.
  1067 | D:3      | Found a faded altar of an unknown god.
  1202 | D:3      | Found a hide-covered altar of Uskayaw.
  1204 | D:3      | Found a shimmering altar of Xom.
  1204 | D:3      | Found a radiant altar of Vehumet.
  1207 | D:3      | Found a sacrificial altar of Ru.
  1207 | D:3      | Found an ancient bone altar of Kikubaaqudgha.
  1207 | D:3      | Found a shimmering blue altar of Sif Muna.
  1322 | D:3      | Found a radiant altar of Vehumet.
  1529 | D:4      | Noticed a phantom
  1532 | D:4      | Reached XP level 4. HP: 29/29 MP: 4/4
  1553 | D:4      | Killed a phantom
  1554 | D:4      | Reached skill level 4 in Unarmed Combat
  1554 | D:4      | Reached XP level 5. HP: 29/34 MP: 5/5
  1878 | D:4      | Noticed an ogre
  1886 | D:4      | Killed an ogre
  1887 | D:4      | Reached XP level 6. HP: 38/41 MP: 6/6
  1933 | D:4      | Found an iron altar of Okawaru.
  2111 | D:4      | Found a runed translucent gate.
  2111 | D:4      | Found a runed translucent gate.
  2112 | D:4      | Found a runed translucent gate.
  2113 | D:4      | Noticed Heedrag's ghost (amateur GrEE)
  2164 | D:4      | Noticed Opifex's ghost (amateur GrMo)
  2164 | D:4      | Noticed temujin's ghost (amateur DECj)
  2164 | D:4      | Noticed haldagan's ghost (novice AtWr)
  2165 | D:4      | Noticed ongoing's ghost (amateur SpSh)
  2313 | D:4      | Found a sparkling altar of Nemelex Xobeh.
  2474 | D:4      | Reached skill level 5 in Unarmed Combat
  2994 | D:4      | Reached XP level 7. HP: 35/46 MP: 7/7
  3424 | D:5      | Entered Level 5 of the Dungeon
  3662 | D:5      | Reached skill level 6 in Unarmed Combat
  3961 | D:5      | Found a runed translucent door.
  3962 | D:5      | Noticed Crazy Yiuf
  4002 | D:5      | Found a staircase to the Ecumenical Temple.
  4011 | Temple   | Entered the Ecumenical Temple
  4033 | Temple   | Became a worshipper of Qazlal Stormbringer
  4210 | D:6      | Reached XP level 8. HP: 51/54 MP: 8/8
  4831 | D:6      | Found an opulent altar of Gozag.
  4889 | D:6      | Reached skill level 5 in Shapeshifting
  4987 | D:6      | Reached skill level 7 in Unarmed Combat
  5643 | D:6      | Reached skill level 5 in Dodging
  5976 | D:7      | Found a hide-covered altar of Uskayaw.
  6086 | D:7      | Reached XP level 9. HP: 43/60 MP: 9/9
  6344 | D:7      | Reached skill level 5 in Fighting
  6701 | D:8      | Reached * piety under Qazlal
  6719 | D:8      | Reached skill level 8 in Unarmed Combat
  7184 | D:8      | Noticed Psyche
  7203 | D:8      | Killed Psyche
  7204 | D:8      | Reached skill level 9 in Unarmed Combat
  7541 | D:8      | Reached XP level 10. HP: 68/68 MP: 10/10
  7566 | D:8      | Noticed Maggie
  7573 | D:8      | Killed Maggie
  7819 | D:8      | Found Vidubuos's Armour Shoppe.
  7931 | D:8      | Bought a +0 tower shield for 49 gold pieces
  8469 | D:9      | Found Zaihaxt's Assorted Antiques.
  8586 | D:9      | Reached skill level 1 in Shields
  8733 | D:9      | Reached ** piety under Qazlal
  8857 | D:9      | Noticed a two-headed ogre
  8863 | D:9      | Killed a two-headed ogre
  8864 | D:9      | Reached skill level 10 in Unarmed Combat
  9319 | D:9      | Slain by a yak

Illustrated notes

Levels and vault maps discovered:
D:1:      giann_horns, layout_loops_ring
D:2:      layout_loops_ring, ebering_ecumenical_altar_rust
D:3:      layout_loops_ring, nicolae_hepliaklqana_ecumenical_no_more,
          doesnt_xom_only_xom, general_overflow_altar, serial_shops, shop,
          minivault_14
D:4:      minmay_goblin_kobold_castle, layout_basic, okawaru_ov_weapons_minmay,
          nemelex_altar_shiori, gammafunk_ghost_cemetery, serial_rivers,
          chequers_serial_rivers_room_a, chequers_serial_rivers_small_a,
          chequers_serial_rivers_large_a, chequers_serial_rivers_marsh
D:5:      layout_rooms, lemuel_temple_firewalk_a, uniq_crazy_yiuf_cottage
D:6:      layout_basic, mainiacjoe_overflow_boulevard
D:7:      layout_basic, mainiacjoe_overflow_surrounded_room
D:8:      layout_cave_pods, serial_shops, shop, uniq_maggie, uniq_psyche
D:9:      layout_grid_maze, serial_shops, kennysheep_mini_moat
Temple:   nicolae_temple_bog_church

Skill      XL: |  1  2  3  4  5  6  7  8  9 10 |
---------------+-------------------------------+-----
Fighting       | 2 3 4 6 7 |  7.0
Unarmed Combat | 4 5 6 7 9 10 | 10.4
Dodging        | 3 4 5 6 7 |  7.3
Shapeshifting  | 4 5 6 7 |  7.1
Shields        | 2 |  2.4

Action                     |  1- 3 |  4- 6 |  7- 9 | 10-12 || total
---------------------------+-------+-------+-------+-------++-------
  Melee: Unarmed           |    60 |   110 |   211 |    84 ||   465
         Constrict         |    18 |    24 |    41 |    11 ||    94
         Tentacles         |    13 |    23 |    45 |    21 ||   102
         Punch             |     3 |     6 |    20 |     4 ||    33
   Fire: Arbalest          |       |       |    16 |       ||    16
    Use: Scroll            |       |       |    12 |       ||    12
         Potion            |       |       |     7 |       ||     7
   Stab: Sleeping          |    12 |     5 |     4 |       ||    21
 Armour: Skin              |    15 |    46 |   110 |    40 ||   211
  Dodge: Dodged            |    25 |    65 |   116 |    23 ||   229
  Block: Other             |       |       |     3 |     1 ||     4
         Tower shield      |       |       |       |    53 ||    53
   Form: Beast             |     1 |       |       |       ||     1

Table legend: (Time is in decaauts)
 A = Elapsed time spent in this place.
 B = Non-inter-level travel time spent in this place.
 C = Inter-level travel time spent in this place.
 D = Time resting spent in this place.
 E = Time spent auto-exploring this place.
 F = Levels seen in this place.
 G = Mean time per level.
                   A        B        C        D        E       F      G
               +--------+--------+--------+--------+--------+-----+--------+
         Total |   9298 |   8873 |    425 |   1651 |   5946 |  10 |  929.8 |
       Dungeon |   9258 |   8871 |    387 |   1651 |   5946 |   9 | 1028.7 |
        Temple |     39 |      1 |     38 |      0 |      0 |   1 |   39.0 |
               +--------+--------+--------+--------+--------+-----+--------+

Top non-repeatable levels by time:
     D:4: 1900 daAuts
     D:8: 1672 daAuts
     D:6: 1508 daAuts
     D:9: 1101 daAuts
     D:5: 955 daAuts
     D:2: 677 daAuts
     D:7: 614 daAuts
     D:3: 599 daAuts
     D:1: 231 daAuts
  Temple: 39 daAuts
